 Dungeon Crawl Stone Soup version 0.23-a0-73-g64c3ba73d4 (webtiles) character file.

37936 Chiseanne the Fighter (level 13, -12/109 HPs)
             Began as a Demonspawn Wanderer on Aug 7, 2018.
             Mangled by a spark wasp (21 damage)
             ... on level 3 of the Spider Nest on Aug 10, 2018.
             The game lasted 01:23:05 (14692 turns).

Chiseanne the Fighter (Demonspawn Wanderer)        Turns: 14692, Time: 01:23:06

Health: -12/109    AC: 24    Str: 14    XL:     13   Next: 61%
Magic:  13/13      EV: 11    Int: 14    God:
Gold:   631        SH:  0    Dex: 24    Spells: 12/12 levels left

rFire    . . .     SeeInvis +   s - +1 short sword (venom)
rCold    . . .     Gourm    .   L - +1 shield
rNeg     + . .     Faith    .   Z - +5 plate armour {rN+}
rPois    .         Spirit   .   (no helmet)
rElec    .         Reflect  .   n - scarf {repulsion}
rCorr    .         Harm     .   k - +0 pair of gloves
MR       +....                  (no boots)
Stlth    ..........             v - amulet of regeneration
HPRegen  0.68/turn              D - ring "Megeqauj" {MR+ Dex+3 Stlth+}
MPRegen  0.13/turn              j - ring of see invisible

@: confused, agile, very slightly contaminated, invisible, repel missiles
A: hooves 2, yellow scales 1, powered by death 1, powered by pain 1, shaggy fur
1
a: no special abilities


You were on level 3 of the Spider Nest.
You were not hungry.

You visited 4 branches of the dungeon, and saw 20 of its levels.
You also visited: Labyrinth.

You collected 1075 gold pieces.
You spent 444 gold pieces at shops.

Inventory:

Hand Weapons
 a - a +6 dagger of electrocution
 f - a +2 mace of protection
 q - a +0 blowgun
 s - a +1 short sword of venom (weapon)
 w - a +0 hand crossbow
 G - a +4 morningstar of freezing
 O - a +4 fustibalus of flaming
 Y - a +1 hand axe of flaming
Missiles
 b - 48 poisoned needles
 l - 5 needles of paralysis
 o - 119 bolts
 r - 18 javelins of returning
 x - 16 tomahawks (quivered)
Armour
 k - a +0 pair of gloves (worn)
 n - a scarf of repulsion (worn)
 L - a +1 shield (worn)
 Z - a +5 plate armour of positive energy (worn)
Jewellery
 j - a ring of see invisible (right hand)
 v - an amulet of regeneration (around neck)
 D - the ring "Megeqauj" (left hand) {MR+ Dex+3 Stlth+}
   (You found it in a labyrinth)

   [ring of protection from magic]

   It affects your dexterity (+3).
   It affects your resistance to hostile enchantments.
   It makes you more stealthy.
 F - a +3 ring of dexterity
 Q - an uncursed ring of resist corrosion
Wands
 i - a wand of digging (10)
 u - a wand of paralysis (5)
 B - a wand of enslavement (9)
 V - a wand of iceblast (15)
 X - a wand of flame (25)
Scrolls
 c - 7 scrolls of remove curse
 p - a scroll of fear
 y - 10 scrolls of teleportation
 A - 2 scrolls of immolation
 H - a scroll of magic mapping
 I - a scroll of summoning
 K - 5 scrolls of fog
 P - 2 scrolls of identify
 R - a scroll of blinking
 W - 2 scrolls of amnesia
Potions
 e - 3 potions of lignification
 g - a potion of brilliance
 m - a potion of flight
 N - a potion of cancellation
 T - a potion of berserk rage
Comestibles
 t - 18 rations


   Skills:
 - Level 12.7 Fighting
 + Level 9.2 Short Blades
 - Level 5.8 Crossbows
 - Level 11.6 Armour
 - Level 4.1 Dodging
 - Level 1.0 Stealth
 - Level 9.3 Shields
 - Level 1.0 Evocations


You had 12 spell levels left.
You didn't know any spells.
Your spell library contained the following spells:

 Spells                   Type           Power        Failure   Level  Hunger
 Cause Fear               Hex            #.........   100%        4    #####..
 Slow                     Hex            #.......     100%        2    ###....
 Teleport Other           Tloc           #.......     100%        3    ####...
 Blink                    Tloc           N/A          100%        2    ###....
 Statue Form              Tmut/Erth      #........    100%        6    #######
 Dragon Form              Tmut           #.........   100%        7    #######
 Corona                   Hex            #......      100%        1    ##.....
 Portal Projectile        Hex/Tloc       #.....       100%        3    ####...
 Passage of Golubria      Tloc           N/A          100%        4    #####..
 Leda's Liquefaction      Hex/Erth       #.........   100%        4    #####..
 Shroud of Golubria       Chrm/Tloc      #.........   100%        2    ###....
 Inner Flame              Hex/Fire       #.......     100%        3    ####...
 Hydra Form               Tmut           #.........   100%        6    #######
 Irradiate                Conj/Tmut      #.........   100%        5    ######.
 Gell's Gravitas          Tloc           #.........   100%        3    ####...
 Lesser Beckoning         Tloc           #.........   100%        3    ####...


Dungeon Overview and Level Annotations

Branches:
Dungeon (12/15)            Temple (1/1) D:7            Lair (4/6) D:11
 Shoals (0/4) Lair:4       Spider (3/4) Lair:4          Orc (0/2) D:12

Altars:
Ashenzari
Cheibriados
Dithmenos
Elyvilon
Fedhas
Gozag
Hepliaklqana
Kikubaaqudgha
Nemelex Xobeh
Okawaru
Qazlal
Ru
Sif Muna
Trog
Uskayaw
Vehumet
Wu Jian
Yredelemnul
Zin
The Shining One

Shops:
D:6 ?   D:9 }   D:10 :

Annotations:
Spider:2 exclusion: oklob plant


Innate Abilities, Weirdness & Mutations

You have hoof-like feet.
You are partially covered in yellow scales. (AC +2)
You regenerate a little health from kills.
You sometimes gain a little power by taking damage.
You are covered in fur. (AC +1)


Message History

* * * LOW HITPOINT WARNING * * *
You fade into invisibility!
The spark wasp closely misses you.
You are very lightly contaminated with residual magic.
You hit the spark wasp but do no damage.
The spark wasp looks even sicker.
The spark wasp is lightly wounded.
You block the spark wasp's attack.
You hit the spark wasp but do no damage.
The spark wasp looks as sick as possible!
You kick the spark wasp.
The spark wasp is lightly wounded.
The spark wasp stings you!
* * * LOW HITPOINT WARNING * * *
The spark wasp shocks you!
* * * LOW HITPOINT WARNING * * *
The spark wasp closely misses you.
You are confused.
You feel invigorated. The spark wasp stings you!!
You die...

*≈≈,,*,,.......#.#.###..*,*,
**,,,,/##......%.^......**,,
*,,*,,....,##.....#>.#,,*,*
****,,,.^.,#...##....#,,,*,
***,,#^^#.........#,,,*,
**,,,#..#.#..^#..(#,,**,
**,,,,#....###..=..#,.,,,
*,,,,,####......#..#.#.*,
***,,,#.@y..[..##..#..,,,
*,,,.#....##..#....^.,.,
**,,#≈...##...#...#,,[#,
*,≈##^......#!^..#,.^#,
**≈≈≈≈#####......##.#,,
**###≈.....#....(...,,
#......#.#^#.#.#,,
#≈#....#≈#...##,,,
#*#..###..<..^###,


You could see a spark wasp.

Vanquished Creatures
  A ghost moth (Spider:1)
  An emperor scorpion (Spider:2)
  2 entropy weavers (Spider:2)
  A minotaur (Lab)
  Erolcha (D:12)
  A death knight (D:11)
  2 two-headed ogres (D:10)
  An unseen horror (D:11)
  2 orb spiders (Spider:2)
  Pikel (D:4)
  An oklob plant (Spider:2)
  An ugly thing (D:11)
  9 wolf spiders
  A manticore (D:11)
  Maurice (D:11)
  5 elephants
  A black mamba (Lair:2)
  A gargoyle (D:10)
  Psyche (D:9)
  4 komodo dragons
  4 demonic crawlers
  15 jumping spiders
  2 trolls
  A blink frog (Lair:3)
  3 hippogriffs
  24 redbacks
  Sigmund (D:4)
  2 wraiths
  4 tarantellas
  2 wyverns (D:11)
  9 yaks
  4 hogs
  A human (D:7)
  A steam dragon (D:8)
  A hungry ghost (D:7)
  A warg (D:12)
  An acid dragon (D:10)
  5 porcupines
  2 hell hounds (D:11)
  A water moccasin (Lair:3)
  11 orc warriors
  An ogre (D:9)
  2 eyes of draining (D:11)
  A black bear (D:10)
  4 sky beasts
  3 phantoms
  2 ice beasts
  4 crocodiles
  6 centaurs
  2 big kobolds
  9 bullfrogs
  2 scorpions
  5 wights
  2 bullfrog zombies
  2 crimson imps
  3 centaur zombies
  A quasit (D:10)
  5 hounds
  5 orc priests
  3 jellies
  Crazy Yiuf (D:2)
  A centaur skeleton (D:5)
  2 bullfrog skeletons
  5 iguanas
  7 worker ants
  15 orc wizards
  A statue (D:6)
  A hound skeleton (D:10)
  3 worker ant zombies
  3 gnolls (D:5)
  A howler monkey skeleton (D:8)
  9 adders
  3 shadow imps
  An ooze (D:5)
  2 adder zombies
  3 adder skeletons
  2 worms (D:4)
  2 dart slugs (D:1)
  2 leopard geckos
  45 orcs
  6 bats
  4 giant cockroaches
  4 goblins
  7 hobgoblins
  11 jackals
  3 quokkas
  A ball python (D:3)
  7 frilled lizards
  14 kobolds
  A leopard gecko skeleton (D:4)
  A leopard gecko zombie (D:5)
  8 rats
371 creatures vanquished.

Vanquished Creatures (collateral kills)
  A wolf spider (Spider:2)
1 creature vanquished.

Vanquished Creatures (others)
  2 tarantellas (Spider:2)
  A quokka (D:4)
  6 fungi (Lair:2)
9 creatures vanquished.

Grand Total: 381 creatures vanquished

Notes
Turn   | Place    | Note
-------+----------+-------------------------------------------
     0 | D:1      | Chiseanne the Demonspawn Wanderer began the quest for the Orb.
     0 | D:1      | Chiseanne set off with: a +2 scale mail, a potion of curing, a +0 hand crossbow, 29 bolts, a ration
     0 | D:1      | Reached XP level 1. HP: 19/19 MP: 1/1
   179 | D:1      | Gained mutation: You have large cloven feet. [demonic ancestry]
   179 | D:1      | Reached XP level 2. HP: 25/25 MP: 2/2
   369 | D:1      | Reached XP level 3. HP: 30/30 MP: 3/3
   642 | D:3      | Reached XP level 4. HP: 38/38 MP: 4/4
   817 | D:2      | Found a runed door.
   823 | D:2      | Noticed Crazy Yiuf
   833 | D:2      | Killed Crazy Yiuf
   962 | D:3      | Gained mutation: You regenerate a little health from kills. [demonic ancestry]
   962 | D:3      | Reached XP level 5. HP: 10/43 MP: 5/5
  1052 | D:3      | Found a snail-covered altar of Cheibriados.
  1052 | D:3      | Found a stormy altar of Qazlal.
  1276 | D:4      | You fall through a shaft for 2 floors!
  1276 | D:6      | Found a radiant altar of Vehumet.
  1276 | D:6      | Noticed a charred statue
  1281 | D:6      | Killed a charred statue
  1281 | D:6      | Reached skill level 5 in Fighting
  1368 | D:6      | Reached XP level 6. HP: 42/51 MP: 6/6
  1440 | D:6      | Noticed an orc warrior
  1480 | D:5      | Entered Level 5 of the Dungeon
  1487 | D:5      | Gained mutation: Your mind is acute. (Int +2) [potion of mutation]
  1487 | D:5      | Lost mutation: Your mind is acute. (Int +2) [potion of mutation]
  1487 | D:5      | Gained mutation: You are covered in fur. (AC +1) [potion of mutation]
  1873 | D:5      | Reached XP level 7. HP: 57/57 MP: 7/7
  1902 | D:5      | Reached skill level 6 in Fighting
  2056 | D:4      | Noticed Pikel
  2337 | D:4      | Noticed Sigmund
  2372 | D:4      | Killed Sigmund
  2372 | D:4      | Reached skill level 5 in Armour
  2372 | D:4      | Gained mutation: You are partially covered in yellow scales. (AC +2) [demonic ancestry]
  2372 | D:4      | Reached XP level 8. HP: 54/65 MP: 8/8
  2580 | D:4      | Killed Pikel
  2580 | D:4      | Reached skill level 7 in Fighting
  2580 | D:4      | Reached skill level 5 in Crossbows
  2903 | D:6      | Reached skill level 1 in Dodging
  3092 | D:6      | Found Paumpyix's Magic Scroll Shop.
  3115 | D:6      | Reached XP level 9. HP: 74/74 MP: 9/9
  3131 | D:6      | Bought a scroll of enchant armour for 90 gold pieces
  3131 | D:6      | Bought a scroll of identify for 24 gold pieces
  3131 | D:6      | Bought a scroll of magic mapping for 42 gold pieces
  3131 | D:6      | Bought a scroll of summoning for 114 gold pieces
  3131 | D:6      | Bought a scroll of holy word for 90 gold pieces
  3131 | D:6      | Bought a scroll of fog for 24 gold pieces
  3190 | D:6      | Reached skill level 8 in Fighting
  3893 | D:6      | Bought a scroll of teleportation for 36 gold pieces
  3893 | D:6      | Bought a scroll of fog for 24 gold pieces
  4131 | D:7      | Found a sacrificial altar of Ru.
  4371 | D:7      | Reached skill level 9 in Fighting
  4448 | D:7      | Found a staircase to the Ecumenical Temple.
  4602 | Temple   | Entered the Ecumenical Temple
  5005 | D:8      | Reached XP level 10. HP: 66/83 MP: 10/10
  5024 | D:8      | Found a hide-covered altar of Uskayaw.
  5029 | D:8      | Found a shattered altar of Ashenzari.
  5031 | D:8      | Found a deep blue altar of Sif Muna.
  5031 | D:8      | Found a glowing golden altar of the Shining One.
  5033 | D:8      | Found a glowing silver altar of Zin.
  5035 | D:8      | Found an opulent altar of Gozag.
  5036 | D:8      | Found a blossoming altar of Fedhas.
  5641 | D:9      | Found Leuss's Gadget Shop.
  5641 | D:9      | Noticed Psyche
  5665 | D:9      | Killed Psyche
  6140 | D:10     | Entered Level 10 of the Dungeon
  6174 | D:10     | Noticed a two-headed ogre
  6272 | D:10     | Killed a two-headed ogre
  6272 | D:10     | Reached skill level 10 in Fighting
  6719 | D:10     | Found Saniegay's Book Shoppe.
  6777 | D:10     | Reached skill level 5 in Shields
  6883 | D:10     | Noticed a two-headed ogre
  6908 | D:10     | Killed a two-headed ogre
  6908 | D:10     | Gained mutation: You have hoof-like feet. [demonic ancestry]
  6908 | D:10     | Reached XP level 11. HP: 47/92 MP: 11/11
  7696 | D:11     | Noticed an unseen horror
  7702 | D:11     | Killed an unseen horror
  7733 | D:11     | Reached skill level 11 in Fighting
  7790 | D:11     | Noticed a purple ugly thing
  7828 | D:11     | Killed a purple ugly thing
  8055 | D:11     | Found a staircase to the Lair.
  8118 | D:11     | Noticed Maurice
  8130 | D:11     | Killed Maurice
  8213 | D:11     | Reached skill level 10 in Armour
  8444 | D:12     | Noticed Erolcha
  8456 | D:12     | Killed Erolcha
  8586 | D:12     | Found a staircase to the Orcish Mines.
  8845 | D:12     | Noticed a death knight
  8846 | D:12     | Noticed a phantasmal warrior
  8885 | D:11     | Killed a death knight
  9007 | D:11     | Upgraded the game from 0.23-a0-49-gd9f7a49668 to 0.23-a0-57-gd13e5294dc
  9007 | D:11     | Upgraded the game from 0.23-a0-57-gd13e5294dc to 0.23-a0-73-g64c3ba73d4
  9008 | Lair:1   | Entered Level 1 of the Lair of Beasts
  9029 | Lair:1   | Found a labyrinth entrance.
  9049 | Lab      | Entered a labyrinth
  9785 | Lab      | Noticed a minotaur
  9815 | Lab      | Killed a minotaur
  9815 | Lab      | Reached XP level 12. HP: 34/102 MP: 12/12
  9819 | Lab      | Got a pitted marble ring
  9834 | Lab      | Got a translucent great mace
  9954 | Lair:1   | Identified the ring "Megeqauj" {MR+ Dex+3 Stlth+} (You found it in a labyrinth)
  9982 | Lair:2   | Reached skill level 12 in Fighting
 10832 | Lair:4   | Found a staircase to the Shoals.
 10891 | Lair:4   | Found a hole to the Spider Nest.
 11169 | Spider:1 | Entered Level 1 of the Spider Nest
 11199 | Spider:1 | Noticed a ghost moth
 11219 | Spider:1 | Killed a ghost moth
 11219 | Spider:1 | Reached skill level 1 in Short Blades
 11221 | Spider:1 | Got a twisted quarterstaff
 12141 | Spider:2 | Noticed an emperor scorpion
 12162 | Spider:2 | Noticed an entropy weaver
 12316 | Spider:2 | Gained mutation: You sometimes gain a little power by taking damage. [demonic ancestry]
 12316 | Spider:2 | Reached XP level 13. HP: 71/109 MP: 13/13
 12757 | Spider:2 | Reached skill level 5 in Short Blades
 13197 | Spider:2 | Noticed an entropy weaver
 13205 | Spider:2 | Killed an entropy weaver
 13229 | Spider:2 | Killed an emperor scorpion
 13720 | Spider:2 | Killed an entropy weaver
 14443 | Spider:2 | Noticed an emperor scorpion
 14540 | Spider:2 | Identified the +4 quarterstaff of Vifiots {distort, Int+6 Dex-3} (You found it on level 1 of the Spider Nest)
 14592 | Spider:3 | Noticed a ghost moth
 14679 | Spider:3 | Noticed a spark wasp
 14690 | Spider:3 | HP: 5/109 [spark wasp (16)]
 14692 | Spider:3 | Mangled by a spark wasp

Vault maps used:
D:1:      dpeg_arrival_round_c
D:2:      uniq_crazy_yiuf_cottage
D:3:      amethyst_overflow_temple_binary, glass_columns_b
D:4:      first_ration, sigmund_army, uniq_sigmund, uniq_pikel
D:5:      cheibrodos_fzero, guppyfry_early_lair_pool
D:6:      grunt_temple_overflow_champion_of_chaos, vehumet_statue, serial_shops,
          shop_coins
D:7:      minmay_temple_entry_junction_2, grunt_livestock,
          kennysheep_pointless_box, nicolae_ru_path_of_blood
D:8:      minitemple
D:9:      serial_shops, nicolae_shop_stone, uniq_psyche
D:10:     serial_shops, nicolae_shop_crystal, grunt_ministairs_2
D:11:     minmay_lair_entry_lava, uniq_maurice
D:12:     david_orc_1_choice, uniq_erolcha
Temple:   cyrus_temple_forest
Lair:1:   lab_entry_generic
Lair:2:   special_room
Lair:3:   uniq_snorg
Lair:4:   minmay_shoals_entry_lonely_mermaid, spider_nest_entry_funnel_web
Spider:2: spider_temple_joshua
Lab:      nicolae_lab_quarters

Skill      XL: |  1  2  3  4  5  6  7  8  9 10 11 12 13 |
---------------+----------------------------------------+-----
Armour         | 2 3 4 5 6 7 9 10 11 | 11.6
Crossbows      | 2 3 4 5 |  5.8
Fighting       | 5 6 7 9 10 11 12 | 12.7
Dodging        | 1 4 |  4.1
Shields        | 2 5 7 9 |  9.3
Short Blades   | 4 9 |  9.2
Stealth        | |  1.0
Evocations     | |  1.0

Action                   |  1- 3 |  4- 6 |  7- 9 | 10-12 | 13-15 || total
-------------------------+-------+-------+-------+-------+-------++-------
Melee: Dagger            |    37 |   101 |   249 |   588 |   299 ||  1274
       Kick              |     5 |    29 |   126 |   432 |   120 ||   712
       Short sword       |       |    15 |   151 |   455 |     3 ||   624
       Quarterstaff      |       |       |     4 |       |       ||     4
       Mace              |       |       |       |    17 |       ||    17
 Fire: Hand crossbow     |    34 |       |    28 |    38 |    23 ||   123
       Blowgun           |       |       |    14 |    12 |    27 ||    53
Throw: Stone             |       |       |     2 |     1 |       ||     3
       Javelin           |       |       |       |       |     8 ||     8
Evoke: Wand              |       |       |       |    11 |    10 ||    21
  Use: Scroll            |     6 |     2 |    13 |    14 |     6 ||    41
       Potion            |       |     5 |       |     9 |     4 ||    18
 Stab: Sleeping          |       |     4 |     1 |       |       ||     5
       Invisible         |       |       |       |     2 |       ||     2
       Paralysed         |       |       |       |     3 |       ||     3
  Eat: Chunk             |       |     3 |    12 |    14 |       ||    29
       Ration            |       |       |       |     4 |     2 ||     6
Armor: Scale mail        |    22 |    76 |   291 |    56 |       ||   445
       Plate armour      |       |       |       |   776 |   275 ||  1051
       Skin              |       |       |       |    11 |       ||    11
Dodge: Dodged            |    17 |    49 |   232 |   236 |    76 ||   610
       Deflected         |       |       |     6 |     8 |       ||    14
Block: Shield            |       |       |    27 |   712 |   230 ||   969

Table legend:
 A = Non-vault XP
 B = Vault XP
 C = Vault XP percentage of total XP
 D = Non-vault monster count
 E = Vault monster count
 F = Vault count percentage of total count
 G = Total turns spent on level
                 A         B        C        D         E       F
            +---------+---------+-------+---------+---------+-------
      Total |   40454 |   13741 |  25.4 |     344 |      28 |   7.5
            +---------+---------+-------+---------+---------+-------
        D:1 |      42 |       0 |   0.0 |      24 |       0 |   0.0
        D:2 |      85 |       0 |   0.0 |      10 |       0 |   0.0
        D:3 |     131 |       0 |   0.0 |      18 |       0 |   0.0
        D:4 |    1014 |       0 |   0.0 |      25 |       0 |   0.0
        D:5 |    1130 |       0 |   0.0 |      31 |       0 |   0.0
        D:6 |    1319 |       0 |   0.0 |      27 |       0 |   0.0
        D:7 |    1198 |       0 |   0.0 |      16 |       0 |   0.0
        D:8 |    1221 |       0 |   0.0 |      14 |       0 |   0.0
        D:9 |    1614 |       0 |   0.0 |      24 |       0 |   0.0
       D:10 |    4300 |       0 |   0.0 |      39 |       0 |   0.0
       D:11 |    6080 |       0 |   0.0 |      36 |       0 |   0.0
       D:12 |    2449 |       0 |   0.0 |      14 |       0 |   0.0
     Lair:1 |     486 |       0 |   0.0 |       2 |       0 |   0.0
     Lair:2 |    3517 |       0 |   0.0 |      16 |       0 |   0.0
     Lair:3 |    2364 |       0 |   0.0 |       8 |       0 |   0.0
     Lair:4 |     833 |    1877 |  69.3 |       3 |       5 |  62.5
   Spider:1 |    6101 |       0 |   0.0 |      17 |       0 |   0.0
   Spider:2 |    5041 |   11405 |  69.3 |      18 |      21 |  53.8
   Spider:3 |     283 |       0 |   0.0 |       1 |       0 |   0.0
        Lab |    1246 |     459 |  26.9 |       1 |       2 |  66.7
            +---------+---------+-------+---------+---------+-------
